 Dungeon Crawl Stone Soup version 0.31.0-9-g3a7656b989 (webtiles) character file.

Game seed: 15068179500398395674

20 Bnni the Shield-Bearer (level 2, 0/16 HPs)
             Began as a Vine Stalker Fighter on Jan 28, 2024.
             Slain by an adder (1 damage)
             ... on level 2 of the Dungeon.
             The game lasted 00:01:48 (1050 turns).

Bnni the Shield-Bearer (Vine Stalker Fighter)       Turns: 1050, Time: 00:01:48

Health: 0/16       AC:  6    Str: 18    XL:     2   Next: 79%
Magic:  0/3        EV:  6    Int:  8    God:
Gold:   41         SH:  4    Dex: 13    Spells: 1/1 levels left

rFire   . . .        a - +0 rapier
rCold   . . .        c - +0 buckler
rNeg    . . .        b - +0 scale mail
rPois   .            (no helmet)
rElec   .            (no cloak)
rCorr   .            (no gloves)
SInv    .            (no boots)
Will    .....        (no amulet) Stlth
                     (no ring)
HPRegen 1.02/turn    (no ring)
MPRegen 0.08/turn

%: guardian spirit
@: lethally poisoned (0 -> 0), attractive, constricted
A: fangs 2, regeneration 1, magic shield, antimagic bite, no potion heal 2
a: no special abilities


You were on level 2 of the Dungeon.
You visited 1 branch of the dungeon, and saw 2 of its levels.

You collected 41 gold pieces.

Inventory:

Hand Weapons
 a - a +0 rapier (weapon)
Armour
 b - a +0 scale mail (worn)
 c - a +0 buckler (worn)
Jewellery
 i - a ring of wizardry
Scrolls
 e - a scroll of amnesia {unknown}
 f - a scroll of fog {unknown}
 g - a scroll of torment {unknown}
 k - a scroll of identify {unknown}
Potions
 d - a potion of might
 h - 2 potions of heal wounds
 l - a potion of lignification {unknown}


   Skills:
 + Level 2.9 Fighting
 * Level 2.3 Short Blades
 - Level 2.4 Armour
 * Level 3.1 Shields


You had one spell level left.
You didn't know any spells.
Your spell library contained the following spells:

 Spells                   Type           Power      Damage    Failure   Level
 Call Imp                 Summ           0%         N/A       95%         2
 Dragon's Call            Summ           0%         N/A       100%        9
 Fire Storm               Conj/Fire      0%         5d1       100%        9


Dungeon Overview and Level Annotations

Branches:
Dungeon (2/15)

Altars:


Innate Abilities, Weirdness & Mutations

You have extremely sharp teeth.
Your natural rate of healing is unusually fast.
When hurt, damage is shared between your health and your magic reserves.
Your bite disrupts and absorbs the magic of your enemies.
Potions cannot restore your health.


Message History

You are too injured to fight recklessly!
You are too injured to fight recklessly!
You are too injured to fight recklessly!
You closely miss the adder.
The adder is heavily wounded.
You feel sick. The ball python closely misses you. The ball python grabs you.
The ball python constricts you. The adder bites you.
You are more poisoned.
The adder poisons you! The adder bites you but does no damage.
You block the ball python's attack. The ball python constricts you.
You miss the adder.
The adder is heavily wounded.
* * * LOW HITPOINT WARNING * * *
You feel very sick. You block the adder's attack.
The ball python barely misses you. The ball python constricts you.
Unknown command.
Okay, then.
You barely miss the adder.
The adder is heavily wounded.
* * * LOW HITPOINT WARNING * * *
You feel very sick. The adder bites you but does no damage.
The ball python bites you but does no damage.
The ball python constricts you.
It was a potion of heal wounds.
That seemed strangely inert.
You feel sick. The adder bites you. You block the ball python's attack.
The ball python constricts you. You block the adder's attack.
You hit the adder. Your bite misses the adder.
The adder is almost dead.
* * * LOW HITPOINT WARNING * * *
You feel sick.
The ball python bites you but does no damage.
The ball python constricts you. The adder bites you but does no damage.
The ball python bites you but does no damage.
The ball python constricts you.
It was a potion of attraction.
You feel attractive to monsters.
You feel sick. The adder bites you.
You die...

# # . # .## # # ..## +
#.#+#+# #..#
#######.#.#.##+#..#
'.....#...#.......#
#####.###.#....!..#
..###..........(@S#
....#####.####+#.S....#
....#..........##.###.#
....#.####.##.....#
......# .# ...# .....>#
.# .# ....<.# .# ..
+#....# .# .# #....# .#


You could see an adder and a ball python.

Vanquished Creatures
  2 dart slugs (D:1)
  A bat (D:1)
  2 endoplasms (D:1)
  A goblin (D:1)
  2 hobgoblins (D:1)
  2 jackals (D:1)
  2 kobolds (D:1)
  A frilled lizard (D:1)
  A rat (D:1)
14 creatures vanquished.

Notes
Turn   | Place    | Note
-------+----------+-------------------------------------------
     0 | D:1      | Bnni the Vine Stalker Fighter began the quest for the Orb.
     0 | D:1      | Reached XP level 1. HP: 11/11 MP: 2/2
   210 | D:1      | Reached XP level 2. HP: 16/16 MP: 3/3
   225 | D:1      | Reached skill level 3 in Shields
   612 | D:1      | Got Owkibazu's Commentary on the Friendly Blaze
  1050 | D:2      | Slain by an adder

Illustrated notes

Levels and vault maps discovered:
D:1:      dpeg_cavernosity, layout_basic
D:2:      layout_basic, basic_altar, hellmonk_ecumenical_altar_zigzags,
          serial_shops, nicolae_shop_stone

Skill      XL: |  1  2 |
---------------+-------+-----
Short Blades   | 2 |  2.3
Shields        | 3 |  3.1
Fighting       | |  2.9
Armour         | |  2.4

Action                     || total
---------------------------++-------
  Melee: Rapier            ||    64
         Bite              ||    10
    Use: Potion            ||     2
 Armour: Scale mail        ||    39
  Dodge: Dodged            ||    31
  Block: Buckler           ||    20
